3L
CHICAGO HAWKS @ GREENVILLE 84S
09/18/2030
 
TOP OF THE 1ST
Chicago Hawks batting - Pitching for Greenville 84s : RHP Neil Franson
Pitching: RHP Neil Franson
Batting: LHB Jeff Simpson 0-0: Swinging Strike
0-1: Ground out 4-3 (Groundball, 4)
Batting: LHB Curt Wilson 0-0: Swinging Strike
0-1: Ball
1-1: Ball
2-1: Called Strike
2-2: Foul Ball, location: 2F
2-2: Strikes out swinging
Batting: RHB Paddy Hodnett 0-0: Ball
1-0: SINGLE (Groundball, 6MD)
Batting: LHB Scott Janousek 0-0: Ground out 4-3 (Groundball, 4)
Top of the 1st over - 0 runs, 1 hit, 0 errors, 1 left on base; Chicago 0 - Greenville 0
BOTTOM OF THE 1ST
Greenville 84s batting - Pitching for Chicago Hawks : RHP Ralph Haggerty
Pitching: RHP Ralph Haggerty
Batting: RHB Pablo Marrero 0-0: Called Strike
0-1: Ball
1-1: Ground out 5-3 (Groundball, 5)
Batting: RHB Urs van Munster 0-0: Ball
1-0: Swinging Strike
1-1: Foul Ball, location: 2F
1-2: Foul Ball, location: 2F
1-2: Fly out, F9 (Flyball, 89D)
Batting: RHB Juan García 0-0: Swinging Strike
0-1: Foul Ball, location: 2F
0-2: Strikes out swinging
Bottom of the 1st over - 0 runs, 0 hits, 0 errors, 0 left on base; Chicago 0 - Greenville 0
TOP OF THE 2ND
Chicago Hawks batting - Pitching for Greenville 84s : RHP Neil Franson
Batting: RHB Jack Head 0-0: Ball
1-0: Foul Ball, location: 2F
1-1: Ball
2-1: Swinging Strike
2-2: Foul Ball, location: 2F
2-2: Ball
3-2: Strikes out swinging
Batting: RHB Reg Spiers 0-0: Swinging Strike
0-1: Foul Ball, location: 2F
0-2: Foul Ball, location: 2F
0-2: Strikes out swinging
Batting: RHB Tevin McTevin 0-0: Ball
1-0: SINGLE (Groundball, 6D)
Batting: RHB Lorenzo Ramírez 0-0: Swinging Strike
0-1: Ball
1-1: Foul Ball, location: 2F
1-2: Ball
2-2: Fielders Choice at 2nd, 6-4 (Groundball, 6)
Top of the 2nd over - 0 runs, 1 hit, 0 errors, 1 left on base; Chicago 0 - Greenville 0
BOTTOM OF THE 2ND
Greenville 84s batting - Pitching for Chicago Hawks : RHP Ralph Haggerty
Batting: SHB Jorge Barrios 0-0: Ball
1-0: Fly out, F8 (Flyball, 8RD)
Batting: RHB Alfredo Méndez 0-0: Ball
1-0: Foul Ball, location: 2F
1-1: Called Strike
1-2: Fly out, F8 (Flyball, 8LXD)
Batting: LHB Qi-zhen Loong 0-0: Called Strike
0-1: Ball
1-1: Ball
2-1: Ground out 4-3 (Groundball, 4)
Bottom of the 2nd over - 0 runs, 0 hits, 0 errors, 0 left on base; Chicago 0 - Greenville 0
TOP OF THE 3RD
Chicago Hawks batting - Pitching for Greenville 84s : RHP Neil Franson
Batting: RHB Vincente Rotham 0-0: Ball
1-0: Ball
2-0: Called Strike
2-1: Called Strike
2-2: Ball
3-2: Strikes out swinging
Batting: LHB Jeff Simpson 0-0: Hit by Pitch
Batting: LHB Curt Wilson 0-0: Ball
1-0: Grounds into double play, 4-6-3 (Groundball, 4)
Top of the 3rd over - 0 runs, 0 hits, 0 errors, 0 left on base; Chicago 0 - Greenville 0
BOTTOM OF THE 3RD
Greenville 84s batting - Pitching for Chicago Hawks : RHP Ralph Haggerty
Batting: RHB Roberto Escues 0-0: Ball
1-0: Foul Ball, location: 2F
1-1: Ball
2-1: Ball
3-1: Called Strike
3-2: Ground out 6-3 (Groundball, 6)
Batting: SHB Kai-xi Choe 0-0: Ball
1-0: Ball
2-0: Swinging Strike
2-1: Swinging Strike
2-2: Strikes out swinging
Batting: RHB Rodrigo Lugo 0-0: Ball
1-0: Ball
2-0: Fly out, F8 (Flyball, 8LS)
Bottom of the 3rd over - 0 runs, 0 hits, 0 errors, 0 left on base; Chicago 0 - Greenville 0
TOP OF THE 4TH
Chicago Hawks batting - Pitching for Greenville 84s : RHP Neil Franson
Batting: RHB Paddy Hodnett 0-0: Ball
1-0: Foul Ball, location: 2F
1-1: Called Strike
1-2: Ground out U3 (Groundball, 34)
Batting: LHB Scott Janousek 0-0: Called Strike
0-1: Called Strike
0-2: Foul Ball, location: 2F
0-2: Ball
1-2: Ground out U3 (Groundball, 3)
Batting: RHB Jack Head 0-0: Called Strike
0-1: Called Strike
0-2: Strikes out swinging
Top of the 4th over - 0 runs, 0 hits, 0 errors, 0 left on base; Chicago 0 - Greenville 0
BOTTOM OF THE 4TH
Greenville 84s batting - Pitching for Chicago Hawks : RHP Ralph Haggerty
Batting: RHB Pablo Marrero 0-0: Fly out, F7 (Line Drive, 7)
Batting: RHB Urs van Munster 0-0: Ball
1-0: Ground out 5-3 (Groundball, 56)
Batting: RHB Juan García 0-0: Called Strike
0-1: Ball
1-1: Called Strike
1-2: Ball
2-2: Foul Ball, location: 2F
2-2: Ground out 4-3 (Groundball, 34)
Bottom of the 4th over - 0 runs, 0 hits, 0 errors, 0 left on base; Chicago 0 - Greenville 0
TOP OF THE 5TH
Chicago Hawks batting - Pitching for Greenville 84s : RHP Neil Franson
Batting: RHB Reg Spiers 0-0: Ball
1-0: Swinging Strike
1-1: Ball
2-1: TRIPLE (Flyball, 8LXD)
Batting: RHB Tevin McTevin 0-0: Ball
1-0: Ball
2-0: Ball
3-0: Base on Balls
Batting: RHB Lorenzo Ramírez 0-0: Ball
1-0: Called Strike
1-1: Called Strike
1-2: Ball
2-2: Ball
3-2: Fly out, F8 (Flyball, 8RS)
Batting: RHB Vincente Rotham 0-0: Ball
1-0: Called Strike
1-1: Ball
2-1: Called Strike
2-2: Foul Ball, location: 2F
2-2: Strikes out looking
Batting: LHB Jeff Simpson 0-0: DOUBLE (Line Drive, 89D)
Reg Spiers scores
Tevin McTevin to third
Runner from 3rd tries for Home, SAFE, no throw
Batting: LHB Curt Wilson 0-0: Ball
1-0: Called Strike
1-1: Called Strike
1-2: Ball
2-2: Fly out, F6 (Popup, 4MD)
Top of the 5th over - 2 runs, 2 hits, 0 errors, 1 left on base; Chicago 2 - Greenville 0
BOTTOM OF THE 5TH
Greenville 84s batting - Pitching for Chicago Hawks : RHP Ralph Haggerty
Batting: SHB Jorge Barrios 0-0: Ball
1-0: Ball
2-0: Foul Ball, location: 2F
2-1: Foul Ball, location: 2F
2-2: Ball
3-2: Fly out, F8 (Flyball, 89S)
Batting: RHB Alfredo Méndez 0-0: Ball
1-0: Ball
2-0: Called Strike
2-1: Foul Ball, location: 2F
2-2: Ball
3-2: Foul Ball, location: 2F
3-2: Base on Balls
Batting: LHB Qi-zhen Loong 0-0: Ball
1-0: Ball
2-0: Foul Ball, location: 2F
2-1: Called Strike
2-2: DOUBLE (Flyball, 78D)
Alfredo Méndez to third
Batting: RHB Roberto Escues 0-0: Called Strike
0-1: Fly out, F9 (Flyball, 89M)
Runner from 3rd tags up, SCORES, no throw
Batting: SHB Kai-xi Choe 0-0: Called Strike
0-1: SINGLE (Line Drive, 6MD)
Qi-zhen Loong to third
Batting: RHB Rodrigo Lugo 0-0: Ball
1-0: Called Strike
1-1: Ball
2-1: Fly out, F9 (Flyball, 89M)
Bottom of the 5th over - 1 run, 2 hits, 0 errors, 2 left on base; Chicago 2 - Greenville 1
TOP OF THE 6TH
Chicago Hawks batting - Pitching for Greenville 84s : RHP Neil Franson
Batting: RHB Paddy Hodnett 0-0: Ball
1-0: Ball
2-0: Called Strike
2-1: Foul Ball, location: 2F
2-2: Foul Ball, location: 2F
2-2: Strikes out looking
Batting: LHB Scott Janousek 0-0: Foul Ball, location: 2F
0-1: Swinging Strike
0-2: Ball
1-2: Strikes out swinging
Batting: RHB Jack Head 0-0: Ground out 6-3 (Groundball, 6M)
Top of the 6th over - 0 runs, 0 hits, 0 errors, 0 left on base; Chicago 2 - Greenville 1
BOTTOM OF THE 6TH
Greenville 84s batting - Pitching for Chicago Hawks : RHP Ralph Haggerty
Batting: RHB Pablo Marrero 0-0: Called Strike
0-1: Foul Ball, location: 2F
0-2: Ball
1-2: Ball
2-2: Foul Ball, location: 2F
2-2: Ground out 5-3 (Groundball, 56S)
Batting: RHB Urs van Munster 0-0: Ball
1-0: Ball
2-0: Foul Ball, location: 2F
2-1: Ball
3-1: Base on Balls
Pitching: RHP Carlos Garza
Batting: RHB Juan García 0-0: Ball
Urs van Munster steals 2nd base
1-0: Swinging Strike
1-1: Ground out 4-3 (Groundball, 4)
Urs van Munster to third
Batting: SHB Jorge Barrios 0-0: Called Strike
0-1: Foul Ball, location: 2F
0-2: Ball
1-2: Foul Ball, location: 2F
1-2: Foul Ball, location: 2F
1-2: Ball
2-2: Foul Ball, location: 2F
2-2: Fly out, F8 (Flyball, 78XD)
Bottom of the 6th over - 0 runs, 0 hits, 0 errors, 1 left on base; Chicago 2 - Greenville 1
TOP OF THE 7TH
Chicago Hawks batting - Pitching for Greenville 84s : RHP Neil Franson
Pitching: RHP Quintiliano Seixal
Batting: RHB Reg Spiers 0-0: Ball
1-0: Called Strike
1-1: Ball
2-1: Ground out 5-3 (Groundball, 5)
Batting: RHB Tevin McTevin 0-0: Ball
1-0: Ball
2-0: Foul Ball, location: 2F
2-1: Fly out, F8 (Flyball, 89M)
Batting: RHB Lorenzo Ramírez 0-0: Ball
1-0: Foul Ball, location: 2F
1-1: Foul Ball, location: 2F
1-2: Ground out 6-3 (Groundball, 6)
Top of the 7th over - 0 runs, 0 hits, 0 errors, 0 left on base; Chicago 2 - Greenville 1
BOTTOM OF THE 7TH
Greenville 84s batting - Pitching for Chicago Hawks : RHP Carlos Garza
Batting: RHB Alfredo Méndez 0-0: Called Strike
0-1: Swinging Strike
0-2: SINGLE (Groundball, 3D)
Batting: LHB Qi-zhen Loong 0-0: Ball
1-0: Swinging Strike
1-1: Ball
2-1: Ball
3-1: Swinging Strike
3-2: Fly out, F9 (Flyball, 9S)
Batting: RHB Roberto Escues 0-0: Ball
1-0: Ball
2-0: Foul Ball, location: 2F
2-1: 2-RUN HOME RUN (Flyball, 7LD), Distance : 347 ft
Pitching: RHP Johnny Allen
Batting: SHB Kai-xi Choe 0-0: Ball
1-0: Ground out 4-3 (Groundball, 4)
Batting: RHB Rodrigo Lugo 0-0: Called Strike
0-1: Ball
1-1: Ball
2-1: SINGLE (Groundball, 6MD)
Batting: RHB Pablo Marrero 0-0: Ball
1-0: Called Strike
1-1: Called Strike
1-2: Foul Ball, location: 2F
1-2: Ball
2-2: Ball
3-2: Base on Balls
Rodrigo Lugo to second
Batting: RHB Urs van Munster 0-0: Foul Ball, location: 2F
0-1: Called Strike
0-2: Ball
1-2: Ball
2-2: Fielders Choice at 2nd, 5-4 (Groundball, 56)
Bottom of the 7th over - 2 runs, 3 hits, 0 errors, 2 left on base; Chicago 2 - Greenville 3
TOP OF THE 8TH
Chicago Hawks batting - Pitching for Greenville 84s : RHP Quintiliano Seixal
Batting: RHB Vincente Rotham 0-0: Called Strike
0-1: Swinging Strike
0-2: Ball
1-2: Ball
2-2: Foul Ball, location: 2F
2-2: Fly out, F6 (Line Drive, 6)
Batting: LHB Jeff Simpson 0-0: Ball
1-0: Ball
2-0: Ball
3-0: Base on Balls
Pitching: LHP Coy Broderick
Pinch Hitting: SHB Luis Manuel Flores 0-0: Ball
1-0: Called Strike
1-1: Ball
2-1: Fly out, F9 (Flyball, 9LD)
Batting: RHB Paddy Hodnett 0-0: Ball
1-0: Foul Ball, location: 2F
1-1: Ball
2-1: Ball
3-1: Base on Balls
Jeff Simpson to second
Batting: LHB Scott Janousek 0-0: Ball
1-0: Foul Ball, location: 2F
1-1: Ball
2-1: Swinging Strike
2-2: Strikes out looking
Top of the 8th over - 0 runs, 0 hits, 0 errors, 2 left on base; Chicago 2 - Greenville 3
BOTTOM OF THE 8TH
Greenville 84s batting - Pitching for Chicago Hawks : RHP Johnny Allen
Pitching: RHP Pat McCormick
Now at 2B: Luis Manuel Flores
Batting: RHB Juan García 0-0: Called Strike
0-1: Fly out, F8 (Flyball, 8RS)
Batting: SHB Jorge Barrios 0-0: Ball
1-0: Ball
2-0: Foul Ball, location: 2F
2-1: Ground out 6-3 (Groundball, 6)
Batting: RHB Alfredo Méndez 0-0: Ball
1-0: Ball
2-0: Foul Ball, location: 2F
2-1: Ground out 5-3 (Groundball, 56)
Bottom of the 8th over - 0 runs, 0 hits, 0 errors, 0 left on base; Chicago 2 - Greenville 3
TOP OF THE 9TH
Chicago Hawks batting - Pitching for Greenville 84s : LHP Coy Broderick
Batting: RHB Jack Head 0-0: Ground out 6-3 (Groundball, 6MS)
Batting: RHB Reg Spiers 0-0: Called Strike
0-1: Ball
1-1: SINGLE (Line Drive, 4D)
Batting: RHB Tevin McTevin 0-0: Ball
1-0: Ball
2-0: Ball
3-0: Called Strike
3-1: Fly out, F9 (Line Drive, 89D)
Batting: RHB Lorenzo Ramírez 0-0: Ball
1-0: Called Strike
1-1: Called Strike
1-2: SINGLE (Line Drive, 7S)
Reg Spiers to second
Runner from 2nd tries for 3rd, SAFE, no throw
Batting: RHB Vincente Rotham 0-0: Ball
1-0: Fly out, F3 (Popup, 3)
Top of the 9th over - 0 runs, 2 hits, 0 errors, 2 left on base; Chicago 2 - Greenville 3
Sunday, March 18th, 2018 - OOTP Baseball 18.8 Build 76